 Dungeon Crawl Stone Soup version 0.29.0-11-gd7f09526c8 (webtiles) character file.

Game seed: 14156776287979794947

114 gelatine the Conjurer (level 4, 0/27 HPs)
             Began as an Octopode Conjurer on Sept 3, 2022.
             Slain by Pikel
             ... wielding a +2 whip of freezing
              (10 damage)
             ... on level 4 of the Dungeon.
             The game lasted 00:06:48 (2680 turns).

gelatine the Conjurer (Octopode Conjurer)           Turns: 2680, Time: 00:06:49

Health: 0/27       AC:  1    Str:  6    XL:     4   Next: 97%
Magic:  3/7        EV: 13    Int: 22    God:
Gold:   194        SH:  0    Dex: 10    Spells: 5/8 levels left

rFire   . . .      SeeInvis .   k - +1 whip (drain)
rCold   . . .      Faith    .   (no shield)
rNeg    + . .      Spirit   .   (helmet restricted)
rPois   .          Reflect  .   e - amulet of regeneration
rElec   .          Harm     .   p - ring of positive energy
rCorr   .          Rampage  .   (no ring)
Will    .....                   (no ring)
Stlth   +++.......              (no ring)
HPRegen 0.89/turn               (no ring)
MPRegen 0.10/turn               (no ring)
                                (no ring)
                                (no ring)

@: no status effects
A: almost no armour, amphibious, 8 rings, camouflage 1, gelatinous body 1,
(nimble swimmer 1), tentacles
a: no special abilities


You were on level 4 of the Dungeon.
You visited 1 branch of the dungeon, and saw 4 of its levels.

You collected 194 gold pieces.

Inventory:

Hand Weapons
 k - a +1 whip of draining (weapon)
Jewellery
 e - an amulet of regeneration (around mantle)
 p - a ring of positive energy (left tentacle)
Scrolls
 c - a scroll of fear
 f - a scroll of magic mapping
 g - 2 scrolls of poison
 i - a scroll of identify
 m - a scroll of butterflies {unknown}
 n - a scroll of teleportation {unknown}
 o - a scroll of noise {unknown}
 q - a scroll of enchant weapon {unknown}
 r - a scroll of vulnerability {unknown}
Potions
 a - 2 potions of magic
 b - 3 potions of flight
 d - 2 potions of haste
 h - 3 potions of brilliance {unknown}
 j - a potion of might
 l - 2 potions of curing
 s - a potion of attraction {unknown}


   Skills:
 * Level 0.6 Fighting
 * Level 2.4 Dodging
 + Level 3.2 Stealth
 + Level 2.5 Spellcasting
 + Level 5.4 Conjurations


You had 5 spell levels left.
You knew the following spells:

 Your Spells              Type           Power      Damage    Failure   Level
a - Magic Dart            Conj           100%       1d8       1%          1
b - Searing Ray           Conj           52%        2d6       2%          2

Your spell library contained the following spells:

 Spells                   Type           Power      Damage    Failure   Level
 Dazzling Flash           Conj/Hex       28%        N/A       13%         3
 Portal Projectile        Hex/Tloc       4%         N/A       36%         3
 Tukima's Dance           Hex            2%         N/A       36%         3
 Fulminant Prism          Conj/Hex       7%         3d7       41%         4
 Iskenderun's Mystic Bla  Conj/Tloc      14%        2d5       41%         4
 Irradiate                Conj/Tmut      7%         3d14      77%         5
 Leda's Liquefaction      Hex/Erth       1%         N/A       78%         4
 Blade Hands              Tmut           1%         N/A       98%         5
 Lee's Rapid Deconstruct  Erth           1%         3d5*      98%         5
 Statue Form              Tmut/Erth      1%         N/A       100%        6
 Dragon Form              Tmut           1%         N/A       100%        7


Dungeon Overview and Level Annotations

Branches:
Dungeon (4/15)
 Temple: D:4-7

Altars:
Ru

Shops:
D:1 (

Annotations:
D:4 Pikel


Innate Abilities, Weirdness & Mutations

You cannot wear most types of armour.
You are amphibious.
You can wear up to eight rings at the same time.
Your skin changes colour to match your surroundings (Stealth+).
Your rubbery body absorbs attacks. (AC +1, EV +1)
((You are camouflaged when in or above water. (Stealth+)))
You have tentacles for arms and can constrict up to eight enemies at once.


Message History

The orc is heavily wounded.
The magic dart hits the orc!
You kill the orc!
You climb upwards.
There is a stone staircase leading down here.
Magic restored.
There is a stone staircase leading down here.
You climb downwards.
Level annotation: Natasha, Pikel
There is a stone staircase leading up here.
You can't see any susceptible monsters within range! (Use Z to cast anyway.) Pikel is nearby!
The magic dart hits Pikel!
Pikel is lightly wounded.
The magic dart hits Natasha!
Natasha is heavily wounded.
The magic dart hits Natasha.
Natasha is severely wounded.
The magic dart hits Natasha.
You kill Natasha!
Natasha screams in fury as she dies!
The magic dart hits Pikel but does no damage.
Pikel is lightly wounded.
Pikel hits you with a +2 whip of freezing!
Pikel freezes you.
The lemure shouts!
You hit Pikel but do no damage. Your grab misses Pikel.
Pikel is lightly wounded.
You hear a shout!
Pikel barely misses you.
You completely miss Pikel. Your grab misses Pikel.
Pikel is lightly wounded.
Pikel hits you with a +2 whip of freezing.
Pikel freezes you.
You hit Pikel but do no damage. You drain Pikel. You grab Pikel.
You squeeze Pikel, but do no damage.
Pikel is moderately wounded.
You constrict Pikel, but do no damage.
Pikel hits you with a +2 whip of freezing!
You die...

...(...... ###...####
.............. ......#......# .
..............###......#...... .
................$.............###
.......#..##.........5.. #...##..
...........#........#..###...##+#
...### ...'................†)ho.
#...$.....>5........o.
#....@K!...)...###....
#............. #....
#..<..†...... #.... #............
#.... ###'#####.... #.... #.#
.... ##### #.# ### #.# #.#


You could see Pikel (drained) and 2 lemures.

Vanquished Creatures
  Natasha (D:4)
  4 adders
  2 worms (D:4)
  A dart slug (D:2)
  5 orcs
  4 ball pythons
  2 bats (D:1)
  An endoplasm (D:2)
  3 giant cockroaches
  A goblin (D:1)
  4 hobgoblins
  3 jackals (D:1)
  A quokka (D:3)
  A frilled lizard (D:2)
  7 kobolds
  3 rats
43 creatures vanquished.

Notes
Turn   | Place    | Note
-------+----------+-------------------------------------------
     0 | D:1      | gelatine the Octopode Conjurer began the quest for the Orb.
     0 | D:1      | Reached XP level 1. HP: 11/11 MP: 3/3
   118 | D:1      | Found Masu's Weapon Shop.
   242 | D:1      | Reached XP level 2. HP: 8/17 MP: 0/5
   349 | D:1      | Found a faded altar of an unknown god.
   355 | D:1      | Prayed at the altar of an unknown god.
   355 | D:1      | Became a worshipper of Ru the Awakened
   358 | D:1      | Fell from the grace of Ru
   552 | D:1      | Learned a level 2 spell: Searing Ray
  1005 | D:2      | Reached XP level 3. HP: 21/21 MP: 3/6
  1285 | D:2      | Reached skill level 5 in Conjurations
  1919 | D:3      | Reached XP level 4. HP: 26/27 MP: 1/7
  2324 | D:4      | Noticed Natasha
  2358 | D:4      | Noticed Pikel
  2358 | D:4      | Noticed a lemure
  2358 | D:4      | Noticed a lemure
  2609 | D:4      | Noticed a lemure
  2610 | D:4      | Noticed a lemure
  2675 | D:4      | Killed Natasha
  2680 | D:4      | Slain by Pikel

Illustrated notes

Levels and vault maps discovered:
D:1:      lemuel_arrival_funnel, layout_loops_cross, serial_shops, shop,
          ebering_ecumenical_altar_sacrificial, minmay_tromino_v7
D:2:      layout_loops_cross
D:3:      layout_loops_cross
D:4:      layout_basic, uniq_pikel, uniq_duvessa, uniq_sigmund, uniq_natasha

Skill      XL: |  1  2  3 |
---------------+----------+-----
Conjurations   | 5 |  5.4
Stealth        | 3 |  3.2
Fighting       | |  0.6
Dodging        | |  2.4
Spellcasting   | |  2.5

Action                   |  1- 3 |  4- 6 || total
-------------------------+-------+-------++-------
Melee: Unarmed           |    19 |       ||    19
       Constrict         |     5 |     1 ||     6
       Tentacles         |     4 |     1 ||     5
       Whip              |     4 |     4 ||     8
 Cast: Magic Dart        |    49 |    37 ||    86
Invok: Renounce Religion |     1 |       ||     1
  Use: Scroll            |     8 |       ||     8
Armor: Skin              |     2 |       ||     2
Dodge: Dodged            |    21 |     4 ||    25
